 Dungeon Crawl Stone Soup version 0.28-a0-224-g76b539d98b (webtiles) character file.

Game seed: 18072138665827895775

1062 timneilson the Shield-Bearer (level 8, -4/73 HPs)
             Began as a Gargoyle Fighter on Aug 21, 2021.
             Slain by a gnoll (6 damage)
             ... on level 5 of the Dungeon.
             The game lasted 00:10:00 (5776 turns).

timneilson the Shield-Bearer (Gargoyle Fighter)     Turns: 5776, Time: 00:10:00

Health: -4/73      AC: 24    Str: 22    XL:     8   Next: 27%
Magic:  3/8        EV:  2    Int:  9    God:
Gold:   138        SH:  9    Dex:  9    Spells: 7/7 levels left

rFire   . . .      SeeInvis .   a - +1 long sword
rCold   . . .      Faith    .   c - +0 kite shield
rNeg    + + +      Spirit   .   (armour currently unavailable)
rPois   ∞          Reflect  .   (helmet currently unavailable)
rElec   .          Harm     .   (cloak currently unavailable)
rCorr   .          Rampage  .   (gloves currently unavailable)
Will    .....      NoTele   +   (boots currently unavailable)
Stlth   +.........              (no amulet)
HPRegen 0.22/turn               (no ring)
MPRegen 0.11/turn               (no ring)

@: tree-form, attractive, hasted, very quick
A: stationary, stasis, torment immunity, boosted hp, sickness immunity, AC +5,
negative energy resistance 1, (electricity resistance), torment resistance 1,
petrification resistance
a: no special abilities


You were on level 5 of the Dungeon.
You were a tree.
You visited 1 branch of the dungeon, and saw 5 of its levels.
You also visited: Sewer.

You collected 138 gold pieces.

Inventory:

Hand Weapons
 a - a +1 long sword (weapon)
Armour
 c - a +0 kite shield (worn)
 e - a +0 helmet (melded)
 p - a +0 chain mail (melded)
Jewellery
 i - a ring of flight
Scrolls
 h - a scroll of amnesia
 o - a scroll of holy word
Potions
 f - a potion of brilliance
 g - a potion of lignification
 k - a potion of haste


   Skills:
 + Level 5.0 Fighting
 * Level 4.7 Long Blades
 * Level 6.4 Armour
 * Level 6.5 Shields


You had 7 spell levels left.
You didn't know any spells.
Your spell library contained the following spells:

 Spells                   Type           Power      Damage    Failure   Level
 Corona                   Hex            0%         N/A       77%         1
 Ensorcelled Hibernation  Hex/Ice        0%         N/A       88%         2
 Slow                     Hex            0%         N/A       88%         2
 Static Discharge         Conj/Air       0%         N/A       88%         2
 Confusing Touch          Hex            0%         N/A       98%         3
 Tukima's Dance           Hex            0%         N/A       98%         3
 Dispel Undead            Necr           0%         3d6       100%        4
 Ice Form                 Ice/Tmut       0%         N/A       100%        4
 Sticky Flame             Conj/Fire      0%         2d3       100%        4
 Yara's Violent Unravell  Hex/Tmut       0%         3d3       100%        5
 Eringya's Noxious Bog    Tmut/Pois      0%         N/A       100%        6
 Dragon Form              Tmut           0%         N/A       100%        7


Dungeon Overview and Level Annotations

Branches:
Dungeon (5/15)              Sewer (visited)
 Temple: D:4-7

Altars:
Gozag
Sif Muna
Zin
The Shining One

Shops:
D:2 (   D:4 *

Annotations:
D:3 3 runed translucent doors, siradein's ghost, amateur OgBe


Innate Abilities, Weirdness & Mutations

You are a tree.
Your roots penetrate the ground, keeping you stationary.
You cannot be teleported.
You are immune to unholy pain and torment.
Your maximum health is greatly increased.
Your equipment is partially melded.
You are immune to sickness and miasma.
((Your stone body is resilient. (AC +5)))
You are immune to poison.
You resist negative energy. (rN+)
((You are resistant to electric shocks. (rElec)))
You are resistant to unholy torment.
You are immune to petrification.


Message History

It was a potion of magic.
Magic courses through your body. You block the gnoll sergeant's attack.
It was a potion of attraction.
You feel attractive to monsters. You block the gnoll's attack.
The gnoll sergeant hits you but does no damage.
It was a potion of ambrosia.
You are confused.
You feel invigorated.
It was a potion of curing.
You feel better.
You feel less invigorated. The gnoll hits you but does no damage.
The gnoll sergeant hits you with a +2 antimagic spear!
* * * LOW HITPOINT WARNING * * *
You feel your power leaking away.
You hit the gnoll sergeant.
The gnoll sergeant is severely wounded.
The gnoll barely misses you. You block the gnoll sergeant's attack.
Unknown command.
You hit the gnoll sergeant but do no damage.
The gnoll sergeant is severely wounded.
The gnoll hits you but does no damage.
The gnoll sergeant completely misses you.
You hit the gnoll sergeant.
The gnoll sergeant is almost dead.
You block the gnoll's attack.
The gnoll sergeant hits you but does no damage.
You hit the gnoll sergeant but do no damage.
The gnoll sergeant is almost dead.
You block the gnoll's attack.
The gnoll sergeant hits you with a +2 antimagic spear!
* * * LOW HITPOINT WARNING * * *
You feel your power leaking away.
You slash the gnoll sergeant!
You kill the gnoll sergeant!
The gnoll hits you but does no damage. The gnoll is attracted toward you. x2
Your Fighting skill increases to level 5!
You hit the gnoll.
The gnoll is moderately wounded.
The gnoll hits you with a +0 spear.
You die...

# ... #.
######.....
##.#
#§...g.g.#
#...#
#g####.#.#
#...# #g#
#...# #♣#
#...# #.#
#####...####.#
.............#
.............#
.............#
#####...######
#...# #.†.#


You could see 2 gnolls.

Vanquished Creatures
  Grinder (D:3)
  A sky beast (D:5)
  An ogre (D:5)
  2 kobold brigands (Sewer)
  A gnoll sergeant (D:5)
  A bullfrog zombie (D:4)
  A hound (D:4)
  A centaur skeleton (D:4)
  An orc priest (D:4)
  Jessica (D:3)
  A scorpion zombie (D:5)
  A hound skeleton (D:4)
  11 adders
  A gnoll (D:5)
  2 river rats (D:3)
  2 white imps
  An ufetubus (D:5)
  10 worms
  A dart slug (D:2)
  9 orcs
  5 bats
  7 endoplasms
  3 giant cockroaches
  9 goblins
  8 hobgoblins
  2 jackals (D:2)
  3 quokkas
  11 ball pythons
  2 frilled lizards (D:2)
  8 kobolds
  17 rats
125 creatures vanquished.

Notes
Turn   | Place    | Note
-------+----------+-------------------------------------------
     0 | D:1      | timneilson the Gargoyle Fighter began the quest for the
                  | Orb.
     0 | D:1      | Reached XP level 1. HP: 14/14 MP: 1/1
    17 | D:1      | Reached XP level 2. HP: 19/19 MP: 2/2
   373 | D:1      | Found a faded altar of an unknown god.
   489 | D:1      | Reached XP level 3. HP: 23/23 MP: 3/3
   724 | D:2      | Found Taohynlo's Weapon Shoppe.
  1246 | D:2      | Got the Incunabulum of Transmigration
  1421 | D:2      | Reached XP level 4. HP: 28/28 MP: 4/4
  1902 | D:3      | Reached XP level 5. HP: 10/33 MP: 5/5
  1925 | D:3      | Found a glowing drain.
  1933 | Sewer    | Entered a sewer
  2513 | Sewer    | Noticed a kobold brigand
  2533 | Sewer    | Killed a kobold brigand
  2678 | Sewer    | Reached XP level 6. HP: 38/38 MP: 6/6
  2853 | Sewer    | Reached skill level 5 in Shields
  3047 | Sewer    | Reached skill level 5 in Armour
  3309 | D:3      | Noticed Grinder
  3310 | D:3      | Paralysed by Grinder for 4 turns
  3336 | D:3      | Killed Grinder
  3337 | D:3      | Reached XP level 7. HP: 10/44 MP: 7/7
  3611 | D:3      | Found a runed translucent gate.
  3611 | D:3      | Found a runed translucent gate.
  3611 | D:3      | Found a runed translucent gate.
  3702 | D:3      | Noticed siradein's ghost (amateur OgBe)
  3801 | D:3      | Noticed Jessica
  3805 | D:3      | Killed Jessica
  4558 | D:4      | Found a glowing golden altar of the Shining One.
  4562 | D:4      | Found an opulent altar of Gozag.
  4565 | D:4      | Found a glowing silver altar of Zin.
  4568 | D:4      | Found a shimmering blue altar of Sif Muna.
  4997 | D:4      | Found Xeghixism's Assorted Antiques.
  5256 | D:5      | Entered Level 5 of the Dungeon
  5305 | D:5      | Reached XP level 8. HP: 28/48 MP: 8/8
  5766 | D:5      | HP: 3/72 [gnoll sergeant (7)]
  5774 | D:5      | HP: 1/72 [gnoll sergeant (8)]
  5776 | D:5      | Reached skill level 5 in Fighting
  5776 | D:5      | Slain by a gnoll

Illustrated notes

Levels and vault maps discovered:
D:1:      minmay_arrival_radiant_lines, layout_loops_ring,
          hellmonk_ecumenical_altar_inner_sanctum,
          chequers_serial_rivers_micro_c, minmay_misc_feat_plants,
          minmay_tetromino_i2
D:2:      layout_basic, serial_shops, shop
D:3:      layout_loops_ring, lightli_sewer_entry_pipes, gammafunk_ghost_icy,
          uniq_jessica, uniq_grinder
D:4:      layout_gridville, grunt_temple_overflow_cloverleaf, serial_shops,
          shop, chequers_arboretum, minmay_hedge_maze
D:5:      layout_loops_cross, mainiacjoe_overflow_small_starburst,
          hangedman_glass_teeth

Skill      XL: |  1  2  3  4  5  6  7  8 |
---------------+-------------------------+-----
Long Blades    | 2 3 4 |  4.7
Shields        | 4 5 6 |  6.5
Armour         | 4 5 6 |  6.4
Fighting       | 4 5 |  5.0

Action                   |  1- 3 |  4- 6 |  7- 9 || total
-------------------------+-------+-------+-------++-------
Melee: Long sword        |    95 |   231 |   168 ||   494
  Use: Scroll            |     1 |     5 |     3 ||     9
       Potion            |       |     1 |     6 ||     7
Armor: Scale mail        |    44 |   101 |    45 ||   190
       Chain mail        |       |       |    51 ||    51
       Skin              |       |       |     7 ||     7
Dodge: Dodged            |    32 |    67 |    60 ||   159
Block: Kite shield       |    41 |    82 |   103 ||   226
       Rpst.: Long sword |     7 |    17 |    13 ||    37

Table legend: (Time is in decaauts)
 A = Elapsed time spent in this place.
 B = Non-inter-level travel time spent in this place.
 C = Inter-level travel time spent in this place.
 D = Time resting spent in this place.
 E = Time spent auto-exploring this place.
 F = Levels seen in this place.
 G = Mean time per level.
                   A        B        C        D        E       F      G
               +--------+--------+--------+--------+--------+-----+--------+
         Total |   6196 |   6098 |     98 |    237 |   4376 |   6 | 1032.7 |
       Dungeon |   4699 |   4601 |     98 |     85 |   3401 |   5 |  939.8 |
         Sewer |   1497 |   1497 |      0 |    152 |    975 |   1 | 1497.0 |
               +--------+--------+--------+--------+--------+-----+--------+

Top non-repeatable levels by time:
   Sewer: 1497 daAuts
     D:3: 1459 daAuts
     D:2: 1049 daAuts
     D:4: 1023 daAuts
     D:1: 625 daAuts
     D:5: 541 daAuts
